AoeStats
← harris

Arena

509537691Analyzed
4v4 RM · 6d ago on Sep 27, 2026· 19m 8s· 8 players
Game mode
Random Map
Map size
Large (8 player)
Population
200
Speed
Normal
Resources
Standard
Victory
Conquest
Starting age
Dark Age
Ending age
Imperial Age
RankedLock teamsTeams togetherTeam positionsShared explorationLock speedFull tech treeHidden civsTurbo modeCheats
Victory
Defeat
🇺🇸 Khmer · United States
1133
+16
🇵🇪 Vikings · Peru
1119
+16
🇲🇽 Malay · Mexico
1112
+17
🇲🇽 Vietnamese · Mexico
1099
+17
🇨🇳 Huns · China
1177
-18
🇲🇽 Saxons · Mexico
1175
-19
🇫🇷 Gurjaras · France
1082
-15
🇨🇳 Ethiopians · China
1073
-14
ElMelvin49
0:46 Loom
10:34 Feudal Age
11:00 Horse Collar
18:17 Wheelbarrow
21:37 Castle Age
III HAKU II
12:12 Feudal Age
13:00 Double-Bit Axe
13:23 Horse Collar
17:05 Castle Age
18:31 Wheelbarrow
harris
12:01 Feudal Age
14:44 Castle Age
12:31 Double-Bit Axe
12:53 Horse Collar
15:35 Bow Saw
15:43 Heavy Plow
18:35 Wheelbarrow
18:11 Gold Mining
Azom
10:48 Feudal Age
12:40 Town Watch
15:25 Castle Age
13:45 Double-Bit Axe
14:39 Loom
Rata Preñadora
10:14 Feudal Age
10:09 Loom
14:11 Castle Age
13:12 Double-Bit Axe
13:19 Gold Mining
^_^
11:00 Feudal Age
15:01 Castle Age
12:52 Double-Bit Axe
12:58 Horse Collar
uselessplayer
10:35 Feudal Age
14:26 Castle Age
12:14 Horse Collar
12:28 Double-Bit Axe
17:26 Bow Saw
17:41 Loom
18:09 Town Watch
18:59 Wheelbarrow
casuai
3:01 Loom
7:33 Loom
7:50 Loom
10:23 Feudal Age
12:15 Town Watch
14:47 Castle Age
13:47 Double-Bit Axe
13:44 Horse Collar
15:20 Town Watch
16:35 Bow Saw
Connection lost

Rejoining the realm…

Still unreachable

The connection could not be restored.

Session expired

The server has moved on; the page needs a fresh start.